 Dungeon Crawl Stone Soup version 0.30-b1-2-g02819fbbbe (webtiles) character file.

Game seed: 8193126077248922511

507 MajorAdolf the Poker (level 7, -1/94 HPs)
             Began as a Naga Wanderer on Nov 16, 2023.
             Slain by Edmund
             ... wielding a +2 dire flail of protection
              (6 damage)
             ... on level 4 of the Dungeon.
             The game lasted 00:05:56 (3235 turns).

MajorAdolf the Poker (Naga Wanderer)                Turns: 3235, Time: 00:05:57

Health: -1/94      AC: 23    Str: 15    XL:     7   Next: 18%
Magic:  7/7        EV:  1    Int: 11    God:
Gold:   152        SH:  0    Dex: 13    Spells: 6/6 levels left

rFire   . . .        a - +3 quarterstaff
rCold   . . .        (shield currently unavailable)
rNeg    . . .        s - melded +1 robe {Will+}
rPois   +            n - melded +0 helmet
rElec   .            (cloak currently unavailable)
rCorr   .            (gloves currently unavailable)
SInv    +            (no barding)
Will    .....        (no amulet)
Stlth   +            (no ring)
HPRegen 0.35/turn    (no ring)
MPRegen 0.10/turn

%: no passive effects
@: tree-form
A: stationary, stasis, torment immunity, boosted hp, AC +2, large, see
invisible, (deformed body), (poison resistance), (slowness 2), spit poison 1,
(naga tail 1)
a: Spit Poison


You were on level 4 of the Dungeon.
You were a tree.
You visited 1 branch of the dungeon, and saw 4 of its levels.

You collected 152 gold pieces.

Inventory:

Hand Weapons
 a - a +3 quarterstaff (weapon)
Missiles
 h - a throwing net
Armour
 k - a +0 ring mail
 n - a +0 helmet (melded)
 s - a +1 robe of willpower (melded)
Wands
 o - a wand of flame (20)
Scrolls
 c - a scroll of blinking
 d - a scroll of identify {unknown}
 f - a scroll of immolation {unknown}
 g - 2 scrolls of fear {unknown}
 i - a scroll of enchant armour {unknown}
 m - a scroll of enchant weapon {unknown}
Potions
 e - a potion of attraction {unknown}
 j - a potion of might {unknown}
 l - a potion of magic {unknown}
 p - 2 potions of heal wounds {unknown}
 q - a potion of invisibility {unknown}
 r - a potion of degeneration {unknown}
 t - a potion of curing


   Skills:
 + Level 3.8 Fighting
 + Level 5.1(5.5) Polearms
 - Level 3.0(4.4) Staves
 + Level 3.0 Armour
 + Level 2.6 Dodging
 - Level 1.0 Evocations


You had 6 spell levels left.
You didn't know any spells.
Your spell library contained the following spells:

 Spells                   Type           Power      Damage    Failure   Level
 Magic Dart               Conj           0%         1d3       34%         1
 Call Imp                 Summ           0%         N/A       47%         2
 Mephitic Cloud           Conj/Pois/Air  0%         N/A       71%         3


Dungeon Overview and Level Annotations

Branches:
Dungeon (5/15)
 Temple: D:4-7

Altars:

Shops:
D:4 ?

Annotations:
D:4 3 runed translucent doors, Edmund; diceflayer's ghost, amateur DsGl


Innate Abilities, Weirdness & Mutations

You are a tree.
Your roots penetrate the ground, keeping you stationary.
You cannot be teleported.
You are immune to unholy pain and torment.
Your maximum health is greatly increased.
Your equipment is partially melded.
((Your serpentine skin is tough. (AC +2)))
You have supernaturally acute eyesight. (SInv)
((Armour fits poorly on your strangely shaped body.))
((Your system is resistant to poisons. (rPois)))
((You cover ground very slowly.))
You can spit poison.
((You have a snake-like lower body.))


Message History

Edmund hits you with a +2 dire flail of protection.
You hit Edmund.
Edmund is severely wounded.
The orc wizard hits you with a +4 dagger.
* * * LOW HITPOINT WARNING * * *
Edmund hits you but does no damage.
You hit Edmund.
Edmund is severely wounded.
The orc wizard hits you but does no damage.
Edmund hits you with a +2 dire flail of protection!
* * * LOW HITPOINT WARNING * * *
You closely miss Edmund.
Edmund is severely wounded.
Edmund looks more healthy.
The orc wizard points at you and mumbles some strange words.
You easily resist.
Edmund hits you but does no damage.
You hit Edmund.
Edmund is almost dead.
The orc wizard hits you with a +4 dagger.
* * * LOW HITPOINT WARNING * * *
Edmund hits you but does no damage.
You hit Edmund but do no damage.
Edmund is almost dead.
The orc wizard hits you but does no damage.
Edmund hits you with a +2 dire flail of protection!
* * * LOW HITPOINT WARNING * * *
Edmund hits you but does no damage.
The orc wizard hits you but does no damage.
You hit Edmund.
Edmund is almost dead.
The orc wizard gestures at you while chanting.
The magic dart hits you but does no damage.
Edmund barely misses you.
Okay, then.
You barely miss Edmund.
Edmund is almost dead.
The orc wizard mumbles some strange words.
The orc wizard flickers and vanishes for a moment.
Edmund hits you with a +2 dire flail of protection.
You die...

... .). ### ... #.. #.#
#.# #.# #.# #.# #o#
##'## #@# ##...## #♣# .
##.....## ###o####.##
##†......###.....$....
###.........##.#....#.##
..'.........'.......#
###.......<.##.#....#
##.......###........#
##.....## #..###.###
##...## #..# .#


You could see Edmund and 2 orc wizards.

Vanquished Creatures
  Sigmund (D:4)
  Blork the orc (D:4)
  A scorpion (D:4)
  A jelly (D:4)
  An orc priest (D:4)
  An orc wizard (D:4)
  5 adders
  3 worms
  6 orcs (D:4)
  6 ball pythons
  8 endoplasms
  3 giant cockroaches
  3 goblins
  4 hobgoblins
  15 jackals
  3 quokkas
  3 bats
  3 frilled lizards (D:2)
  5 kobolds
  9 rats
  A spectral hobgoblin (D:1)
83 creatures vanquished.

Notes
Turn   | Place    | Note
-------+----------+-------------------------------------------
     0 | D:1      | MajorAdolf the Naga Wanderer began the quest for the Orb.
     0 | D:1      | MajorAdolf set off with the following items: a +3
                  | quarterstaff, a +0 spear, a scroll of blinking, a +0
                  | leather armour.
     0 | D:1      | Reached XP level 1. HP: 21/21 MP: 1/1
   141 | D:1      | Reached XP level 2. HP: 24/28 MP: 2/2
   270 | D:1      | Found a faded altar of an unknown god.
   305 | D:1      | Reached skill level 3 in Polearms
   797 | D:1      | Reached XP level 3. HP: 19/34 MP: 3/3
  1694 | D:2      | Reached XP level 4. HP: 42/42 MP: 4/4
  1812 | D:2      | Reached skill level 1 in Dodging
  2015 | D:2      | Reached skill level 4 in Polearms
  2130 | D:2      | You fall into a shaft and drop 2 floors!
  2160 | D:5      | Entered Level 5 of the Dungeon
  2348 | D:4      | Found a runed translucent gate.
  2348 | D:4      | Found a runed translucent gate.
  2349 | D:4      | Found a runed translucent gate.
  2351 | D:4      | Noticed diceflayer's ghost (amateur DsGl)
  2352 | D:4      | Noticed an orc warrior
  2442 | D:4      | Found Sumycehe's Magic Scroll Shoppe.
  2456 | D:4      | Reached XP level 5. HP: 35/49 MP: 5/5
  2771 | D:4      | Noticed Sigmund
  2791 | D:4      | HP: 2/49 [Sigmund/+2 scythe of venom (8)]
  2797 | D:4      | Killed Sigmund
  2798 | D:4      | Reached XP level 6. HP: 12/56 MP: 6/6
  3046 | D:4      | Noticed Blork the orc
  3053 | D:4      | Killed Blork the orc
  3054 | D:4      | Reached skill level 5 in Polearms
  3054 | D:4      | Reached XP level 7. HP: 33/63 MP: 7/7
  3214 | D:4      | Noticed Edmund
  3235 | D:4      | Slain by Edmund

Illustrated notes

Levels and vault maps discovered:
D:1:      lightli_arrival_quake, layout_loops_corners,
          dreamdust_ecumenical_altar_drowned_temple, nicolae_titane
D:2:      minmay_diamond_boxcup, layout_basic, minivault_4,
          roderic_serpentine_path
D:4:      layout_loops_corners, biasface_ghost_orc_armoury, serial_shops, shop,
          skrybe_limestone_x, uniq_blork_the_orc, uniq_crazy_yiuf_cottage,
          uniq_pikel, uniq_edmund, uniq_sigmund
D:5:      layout_gridville, mainiacjoe_overflow_paths,
          minmay_temple_entry_purple_smoke, gammafunk_ghost_necromancy,
          nicolae_alphabet_shops, dreamdust_princess_corridor, uniq_duvessa

Skill      XL: |  1  2  3  4  5  6  7 |
---------------+----------------------+-----
Polearms       | 3 4 5 |  5.1
Dodging        | 1 2 |  2.6
Armour         | 2 3 |  3.0
Fighting       | |  3.8
Staves         | |  3.0
Evocations     | |  1.0

Action                     |  1- 3 |  4- 6 |  7- 9 || total
---------------------------+-------+-------+-------++-------
  Melee: Quarterstaff      |   113 |    93 |    21 ||   227
Ability: Spit Poison       |     2 |     8 |     1 ||    11
    Use: Potion            |       |     3 |     1 ||     4
 Armour: Leather armour    |     8 |       |       ||     8
         Ring mail         |    22 |    44 |       ||    66
         Skin              |       |     2 |    11 ||    13
         Robe              |       |     1 |     3 ||     4
  Dodge: Dodged            |    51 |    45 |     3 ||    99
